 Dungeon Crawl Stone Soup version 0.28.0-45-g0d030f2227 (webtiles) character file.

Game seed: 6546969717974881212

32 OrbIsHorse the Stinger (level 3, 0/19 HPs)
             Began as a Gargoyle Venom Mage on Apr 11, 2022.
             Was a Follower of Makhleb.
             Killed by divine providence
             ... invoked by an orc priest
              (12 damage)
             ... on level 4 of the Dungeon.
             The game lasted 00:08:29 (1821 turns).

OrbIsHorse the Stinger (Gargoyle Venom Mage)        Turns: 1821, Time: 00:08:29

Health: 0/19       AC:  6    Str: 11    XL:     3   Next: 25%
Magic:  6/6        EV: 12    Int: 17    God:    Makhleb [*.....]
Gold:   38         SH:  0    Dex: 10    Spells: 5/6 levels left

rFire   . . .      SeeInvis .   b - +0 club
rCold   . . .      Faith    .   (no shield)
rNeg    + . .      Spirit   .   a - +0 robe
rPois   ∞          Reflect  .   (no helmet)
rElec   +          Harm     .   (no cloak)
rCorr   .          Rampage  .   (no gloves)
Will    .....                   d - +0 pair of boots
Stlth   +.........              (no amulet)
HPRegen 0.06/turn               (no ring)
MPRegen 0.10/turn               (no ring)

@: confused
A: sickness immunity, AC +3, negative energy resistance 1, electricity
resistance, torment resistance 1, petrification resistance
a: Renounce Religion


You were on level 4 of the Dungeon.
You worshipped Makhleb.
Makhleb was aware of your devotion.
You visited 1 branch of the dungeon, and saw 4 of its levels.

You collected 38 gold pieces.

Inventory:

Hand Weapons
 b - a +0 club (weapon)
 c - a +0 spear
 f - a +0 war axe
 k - a +0 short sword
 o - a +0 short sword
 r - a +0 mace
Missiles
 h - 19 sling bullets
 j - 29 stones
Armour
 a - a +0 robe (worn)
 d - a +0 pair of boots (worn)
 i - a +0 chain mail
 m - a +0 scale mail
 u - a +0 chain mail
Wands
 n - a wand of flame (14) (quivered)
Scrolls
 e - a scroll of brand weapon {unknown}
 g - a scroll of vulnerability {unknown}
 l - a scroll of teleportation {unknown}
 q - a scroll of magic mapping {unknown}
 s - a scroll of blinking {unknown}
 t - 3 scrolls of noise {unknown}
Potions
 p - a potion of brilliance {unknown}
 v - a potion of curing {unknown}


   Skills:
 + Level 0.1 Maces & Flails
 + Level 2.2 Dodging
 + Level 2.2 Stealth
 + Level 0.1 Unarmed Combat
 + Level 2.3 Spellcasting
 + Level 1.0 Transmutations
 + Level 3.3 Poison Magic


You had 5 spell levels left.
You knew the following spells:

 Your Spells              Type           Power      Damage    Failure   Level
a - Sting                 Tmut/Pois      36%        1d4       8%          1

Your spell library contained the following spells:

 Spells                   Type           Power      Damage    Failure   Level
 Poisonous Vapours        Pois/Air       14%        N/A       14%         2
 Mephitic Cloud           Conj/Pois/Air  5%         N/A       34%         3
 Olgreb's Toxic Radiance  Pois           13%        N/A       43%         4


Dungeon Overview and Level Annotations

Branches:
Dungeon (4/15)
 Temple: D:4-7

Altars:
Makhleb

Shops:
D:1 *


Innate Abilities, Weirdness & Mutations

You are immune to sickness and miasma.
Your stone body is resilient. (AC +3)
You are immune to poison.
You resist negative energy. (rN+)
You are resistant to electric shocks. (rElec)
You are resistant to unholy torment.
You are immune to petrification.


Message History

Found a fuming ruby potion.
v - a fuming ruby potion
Found an escape hatch in the floor.
Found a stone staircase leading down.
There is an escape hatch in the floor here.
There is an escape hatch in the floor here.
You slide downwards.
The hatch slams shut behind you.
Found a glowing mace and a fuming ruby potion.
Aiming: Throw Flame
Press: ? - help, Q - select action, (/) - cycle Shift-Dir - straight line, f - orc
Aim: an orc, wielding a +2 vampiric short sword (asleep, 100% to hit)
The puff of flame hits the orc.
The orc is severely wounded.
The orc shouts!
An orc wizard comes into view. It is wielding a +0 dagger.
An orc priest comes into view. It is wielding a +0 club.
Aiming: Throw Flame
Press: ? - help, Q - select action, (/) - cycle Shift-Dir - straight line, f/p - orc
Aim: an orc, wielding a +2 vampiric short sword (severely wounded, 68% to hit)
The puff of flame hits the orc.
You kill the orc!
Makhleb accepts your kill.
The orc priest shouts!
An adder skeleton comes into view.
The orc wizard points at you and mumbles some strange words.
You are confused.
You're too confused to cast spells.
You're too confused to cast spells.
You are too confused!
Unknown command.
You are too confused!
You are too confused!
Unknown command.
You bump into the rock wall.
The orc wizard gestures at you while chanting.
The magic dart hits you!
The orc priest calls down the wrath of Beogh upon you.
Beogh smites you!
Ouch! That really hurt!
You die...

..........
###........##
...........#
.......!.)#
....o...##
#Z.o.....#
#).......#
#.........
#@........
##........
###......
#....# #....
.... ... ##


You could see an orc priest, an orc wizard and an adder skeleton.

Vanquished Creatures
  An ufetubus (D:2)
  An orc (D:4)
  3 ball pythons (D:1)
  A bat (D:1)
  2 endoplasms
  2 giant cockroaches (D:1)
  2 goblins (D:1)
  2 hobgoblins (D:2)
  3 kobolds (D:2)
  A quokka (D:2)
  A frilled lizard (D:1)
  3 rats (D:1)
22 creatures vanquished.

Vanquished Creatures (others)
  2 plants (D:1)
  4 withered plants (D:1)
6 creatures vanquished.

Grand Total: 28 creatures vanquished

Notes
Turn   | Place    | Note
-------+----------+-------------------------------------------
     0 | D:1      | OrbIsHorse the Gargoyle Venom Mage began the quest for the
                  | Orb.
     0 | D:1      | Reached XP level 1. HP: 10/10 MP: 3/3
   100 | D:1      | Reached XP level 2. HP: 15/15 MP: 0/5
   311 | D:1      | Found Picaerr's Assorted Antiques.
   805 | D:1      | Found a faded altar of an unknown god.
   839 | D:1      | Prayed at the altar of an unknown god.
   839 | D:1      | Became a worshipper of Makhleb the Destroyer
   839 | D:1      | Reached * piety under Makhleb
   924 | D:2      | Reached skill level 1 in Transmutations
  1228 | D:2      | Reached XP level 3. HP: 19/19 MP: 3/6
  1821 | D:4      | Killed from afar by an orc priest

Illustrated notes

Levels and vault maps discovered:
D:1:      eino_arrival_cavern_b, layout_basic,
          shapermc_ecumenical_altar_flowoftime, serial_shops,
          nicolae_shop_advertising_works [nicolae_subvault_shop_adworks],
          minmay_large_rounded_square
D:2:      layout_basic
D:3:      layout_basic, serial_bayou_crossing
D:4:      layout_cave_pools, gammafunk_temple_overflow_elements,
          mainiacjoe_overflow_catwalk_spiral, kennysheep_opposing_triangles,
          uniq_eustachio

Skill      XL: |  1  2 |
---------------+-------+-----
Transmutations | 1 |  1.0
Dodging        | 2 |  2.2
Maces & Flails | |  0.1
Stealth        | |  2.2
Unarmed Combat | |  0.1
Spellcasting   | |  2.3
Poison Magic   | |  3.3

Action                   || total
-------------------------++-------
Melee: Unarmed           ||     9
       Club              ||    44
 Cast: Sting             ||    33
Evoke: Wand              ||     2
Armor: Robe              ||    23
Dodge: Dodged            ||    52
